 Dungeon Crawl Stone Soup version 0.27.1-4-g1640c2035a (webtiles) character file.

Game seed: 12897322219420000295

77 pkoi the Ruffian (level 4, 0/35 HPs)
             Began as a Draconian Transmuter on Nov 2, 2021.
             Slain by a kobold (4 damage)
             ... on level 2 of the Dungeon.
             The game lasted 00:03:55 (2652 turns).

pkoi the Ruffian (Draconian Transmuter)             Turns: 2652, Time: 00:03:56

Health: 0/35       AC:  7    Str: 13    XL:     4   Next: 14%
Magic:  7/7        EV: 12    Int: 13    God:
Gold:   111        SH:  0    Dex: 12    Spells: 3/7 levels left

rFire    . . .     SeeInvis .   h - +1 demon whip (venom)
rCold    . . .     Faith    .   (no shield)
rNeg     . . .     Spirit   .   (armour unavailable)
rPois    .         Reflect  .   (helmet restricted)
rElec    .         Harm     .   a - +0 cloak
rCorr    .         Rampage  .   c - +0 pair of gloves
Will     .....                  (no boots)
Stlth    +.........             (no amulet)
HPRegen  0.11/turn              (no ring)
MPRegen  0.10/turn              (no ring)

@: slowed, very slow
A: AC +5, unfitting armour, cold-blooded
a: no special abilities


You were on level 2 of the Dungeon.
You visited 1 branch of the dungeon, and saw 2 of its levels.

You collected 111 gold pieces.

Inventory:

Hand Weapons
 h - a +1 demon whip of venom (weapon)
Armour
 a - a +0 cloak (worn)
 c - a +0 pair of gloves (worn)
Scrolls
 b - a scroll of identify {unknown}
 e - a scroll of brand weapon {unknown}
 g - a scroll of fear {unknown}
Potions
 d - a potion of degeneration {unknown}
 f - a potion of flight {unknown}


   Skills:
 - Level 1.1 Fighting
 + Level 2.6 Dodging
 + Level 4.2 Unarmed Combat
 + Level 2.2 Spellcasting
 + Level 2.2 Transmutations


You had 3 spell levels left.
You knew the following spells:

 Your Spells              Type           Power      Damage    Failure   Level
a - Beastly Appendage     Tmut           14%        N/A       10%         1
b - Spider Form           Tmut/Pois      2%         N/A       43%         3

Your spell library contained the following spells:

 Spells                   Type           Power      Damage    Failure   Level
 Wereblood                Tmut           7%         N/A       16%         2
 Magic Dart               Conj           4%         1d3       26%         1
 Call Imp                 Summ           1%         N/A       36%         2
 Mephitic Cloud           Conj/Pois/Air  1%         N/A       58%         3
 Ozocubu's Armour         Ice            1%         N/A       58%         3
 Ice Form                 Ice/Tmut       4%         N/A       85%         4
 Ozocubu's Refrigeration  Ice            0%         4d5       100%        7


Dungeon Overview and Level Annotations

Branches:
Dungeon (2/15)

Altars:

Annotations:
D:2 Natasha


Innate Abilities, Weirdness & Mutations

Your plain brown scales are hard. (AC +5)
You cannot fit into any form of body armour.
You are cold-blooded and may be slowed by cold attacks.


Message History

You see here the felid skeleton of Natasha.
You see here a +0 club.
Found a stone staircase leading up.
You open the door.
There is an open door here.
Things that are here:
a +0 dagger; a +0 hunting sling; 29 stones Natasha, Servant of Life and Death comes into view.
She is carrying a wand of flame (24).
Natasha is nearby!
There is an open door here.
Natasha casts a spell at you.
You feel yourself slow down.
Natasha zaps a wand.
The puff of flame hits you.
Natasha mumbles some strange words.
Natasha misses you.
You hit Natasha but do no damage.
Natasha is poisoned.
Natasha barely misses you.
Natasha zaps a wand.
The puff of flame hits you.
You closely miss Natasha.
Natasha is lightly wounded.
The kobold throws a stone.
The stone closely misses you.
Natasha mumbles some strange words.
The white imp barely misses you.
You closely miss Natasha.
Natasha is moderately wounded.
Natasha zaps a wand.
The puff of flame hits you!
* * * LOW HITPOINT WARNING * * *
The white imp closely misses you.
The kobold throws a stone.
The stone closely misses you. Natasha misses you.
The white imp gestures at you. The puff of frost hits you.
* * * LOW HITPOINT WARNING * * *
You barely miss Natasha.
Natasha is moderately wounded.
Natasha claws you.
* * * LOW HITPOINT WARNING * * *
The white imp gestures at you. The puff of frost hits you.
* * * LOW HITPOINT WARNING * * *
The kobold hits you with a +0 short sword.
You die...

#############..#
#..# ##.## #..#
###'########
#..........#
#..........#
#....5.....#
#..)@5.....#
#...Kh.....#
#..........#
#..........#
#..........#
#..........#
####..).......#
#...####..#####
#...# #..#


You could see Natasha (poisoned), 2 white imps and a kobold.

Vanquished Creatures
  Natasha (D:2)
  Robin (D:2)
  A worm (D:2)
  2 giant cockroaches (D:1)
  8 goblins
  5 hobgoblins
  4 jackals
  3 kobolds (D:1)
  2 quokkas (D:1)
  5 bats
  5 rats
37 creatures vanquished.

Notes
Turn   | Place    | Note
-------+----------+-------------------------------------------
     0 | D:1      | pkoi the Draconian Transmuter began the quest for the Orb.
     0 | D:1      | Reached XP level 1. HP: 16/16 MP: 3/3
   100 | D:1      | Reached XP level 2. HP: 9/23 MP: 5/5
  1498 | D:2      | Noticed Robin
  1911 | D:2      | Reached XP level 3. HP: 28/28 MP: 6/6
  1915 | D:2      | Learned a level 3 spell: Spider Form
  2092 | D:2      | Killed Robin
  2093 | D:2      | Reached skill level 4 in Unarmed Combat
  2265 | D:2      | Noticed Natasha
  2273 | D:2      | Killed Natasha
  2274 | D:2      | Reached XP level 4. HP: 5/35 MP: 7/7
  2643 | D:2      | Noticed Natasha
  2652 | D:2      | Slain by a kobold

Illustrated notes

Levels and vault maps discovered:
D:1:      arrival_zaba_pyramid, layout_rooms, bh_walls_and_bars
D:2:      layout_basic, uniq_robin, uniq_natasha

Skill      XL: |  1  2  3 |
---------------+----------+-----
Dodging        | 2 |  2.6
Unarmed Combat | 4 |  4.2
Fighting       | |  1.1
Spellcasting   | |  2.2
Transmutations | |  2.2

Action                   |  1- 3 |  4- 6 || total
-------------------------+-------+-------++-------
Melee: Unarmed           |   157 |       ||   157
       Tailslap          |    13 |       ||    13
       Kick              |     7 |       ||     7
       Demon whip        |     6 |     4 ||    10
       Headbutt          |     3 |       ||     3
 Cast: Beastly Appendage |     7 |       ||     7
Armor: Skin              |    89 |       ||    89
Dodge: Dodged            |   173 |     7 ||   180
